Map: Amphion LE

Players

VITSolar (Solar)

  • Race: Zerg Zerg
  • League: Master
  • Spawn Location: 11:00

ShoWTimE - Winner!

  • Race: Protoss Protoss
  • League: Master
  • Spawn Location: 7:00

Event: Bellum Gens Elite Stara Zagora 2024

VOD

Have the link to the VOD?

Description

Time

  • Played on: Sept. 8, 2024, 5:17 a.m.
  • Length: 9:54

All games in this series

Show
View Real Time Build Order
Export as new Build Order

VITSolar Zerg 

Build Orders: Hatch First 

Get SALT Encoding   

  12  0:02  Drone  
  13  0:07  Drone  
  14  0:33  Hatchery  
  13  0:37  Drone  
  14  0:45  Overlord  
  14  0:52  Extractor  
  14  0:53  Drone  
  15  1:03  Drone  
  15  1:04  Drone  
  17  1:10  Drone  
  18  1:11  Extractor  
  17  1:19  Spawning Pool  
  17  1:23  Drone  
  17  1:31  Drone  
  18  1:42  Drone  
  18  1:46  Drone  
  20  1:53  Drone  
  21  2:06  Queen x2, Zergling x2  
  21  2:08  Overlord  
  26  2:10  Drone  
  27  2:17  Drone  
  27  2:22  Metabolic Boost  
  28  2:26  Zergling x2  
  28  2:27  Drone  
  30  2:30  Drone  
  31  2:43  Hatchery  
  30  2:49  Queen  
  32  2:53  Overlord  
  32  2:56  Drone  
  32  2:58  Drone  
  34  3:02  Drone  
  35  3:06  Drone  
  35  3:11  Queen  
  35  3:12  Drone  
  39  3:14  Drone  
  39  3:17  Drone  
  39  3:18  Drone  
  42  3:23  Spore Crawler  
  42  3:24  Overlord  
  42  3:27  Drone  
  42  3:31  Queen  
  44  3:36  Overlord  
  44  3:44  Drone  
  44  3:45  Drone x3  
  44  3:46  Drone  
  44  3:47  Zergling x2  
  44  3:48  Zergling x2  
  51  3:53  Queen  
  53  4:01  Queen  
  54  4:04  Spore Crawler, Zergling x4  
  54  4:07  Overlord  
  55  4:11  Drone x2  
  55  4:13  Drone  
  58  4:19  Drone x3  
  58  4:20  Drone  
  58  4:21  Drone x2  
  64  4:27  Drone, Evolution Chamber  
  64  4:30  Drone  
  63  4:32  Overlord  
  63  4:37  Spore Crawler  
  60  4:39  Zergling x4  
  60  4:43  Drone x2  
  62  4:45  Zergling x2  
  62  4:46  Zergling x4  
  62  4:51  Drone x2  
  66  4:53  Zerg Melee Weapons Level 1  
  66  4:57  Drone  
  66  4:59  Overlord  
  67  5:01  Drone x2  
  67  5:02  Drone x2  
  67  5:04  Drone  
  67  5:06  Drone x2  
  74  5:09  Drone  
  74  5:11  Overlord  
  75  5:23  Roach Warren  
  75  5:25  Extractor  
  75  5:26  Lair  
  75  5:27  Drone  
  75  5:28  Hatchery  
  73  5:29  Drone x2  
  73  5:31  Drone  
  73  5:33  Drone x2  
  76  5:36  Drone x3  
  76  5:39  Overlord  
  76  5:41  Drone x2  
  80  5:44  Drone x2, Extractor  
  80  5:46  Extractor  
  80  5:47  Extractor  
  80  5:48  Extractor  
  78  5:50  Drone x4  
  78  5:52  Drone  
  78  5:57  Zergling x4  
  85  5:59  Overlord  
  85  6:00  Drone x3  
  85  6:02  Drone  
  85  6:03  Drone x2  
  91  6:07  Drone  
  91  6:10  Overlord  
  92  6:16  Zergling x4  
  94  6:20  Drone  
  94  6:24  Roach x5  
  104  6:26  Glial Reconstitution  
  104  6:30  Overlord, Infestation Pit  
  104  6:31  Overseer  
  104  6:32  Drone x2  
  105  6:34  Roach x2  
  105  6:37  Roach  
  110  6:42  Roach x3  
  110  6:45  Roach  
  117  6:49  Overlord  
  117  7:01  Drone x4  
  120  7:02  Drone x2, Hydralisk Den, Zerg Missile Weapons Level 1  
  120  7:05  Drone x2  
  120  7:06  Extractor  
  123  7:08  Extractor  
  123  7:11  Pneumatized Carapace  
  123  7:13  Drone, Hive  
  123  7:14  Drone, Evolution Chamber  
  123  7:16  Roach  
  123  7:18  Drone x2  
  123  7:19  Drone  
  123  7:21  Roach  
  130  7:23  Overlord  
  130  7:27  Roach x3  
  136  7:31  Overlord  
  136  7:35  Overlord  
  136  7:38  Overlord  
  136  7:40  Overlord  
  133  7:46  Roach x7  
  133  7:49  Roach x2  
  133  7:50  Roach  
  134  7:54  Roach x3  
  134  7:57  Roach x2  
  140  8:00  Roach x2  
  140  8:04  Roach  
  140  8:05  Roach x2  
  139  8:10  Queen  
  140  8:13  Queen  
  133  8:24  Drone x2  
  133  8:25  Lurker Den  
  133  8:34  Hatchery  
  133  8:35  Hydralisk x5  
  144  8:41  Drone x2  
  144  8:42  Drone x2  
  144  8:43  Drone  
  144  8:46  Zergling x4  
  149  8:52  Hydralisk x4  
  157  8:59  Overlord x2  
  157  9:11  Drone x2  
  157  9:13  Hatchery  
  157  9:14  Overlord  
  158  9:18  Overseer  
  158  9:20  Zergling x6  
  161  9:26  Lurker x3  
  166  9:32  Roach  
Show
View Real Time Build Order
Export as new Build Order

ShoWTimE Protoss - Winner!

Build Orders: 1 Gate Expand, Oracle Opening, Archon Immortal, Archon Drop 

Get SALT Encoding   

  12  0:00  Probe  
  13  0:12  Probe  
  14  0:21  Pylon  
  14  0:24  Probe  
  15  0:39  Probe (Chrono Boost)  
  15  0:42  Gateway  
  16  0:48  Probe (Chrono Boost)  
  17  0:50  Assimilator  
  17  0:53  Probe (Chrono Boost)  
  18  1:05  Probe  
  19  1:17  Probe  
  20  1:29  Nexus  
  20  1:38  Cybernetics Core  
  20  1:41  Probe  
  20  1:45  Assimilator  
  21  1:53  Probe  
  22  1:56  Pylon  
  22  2:05  Probe  
  23  2:13  Adept (Chrono Boost)  
  23  2:17  Probe  
  26  2:23  Stargate  
  27  2:30  Probe (Chrono Boost)  
  27  2:34  Warp Gate  
  27  2:37  Adept  
  27  2:40  Probe (Chrono Boost)  
  27  2:42  Probe (Chrono Boost)  
  31  2:51  Probe x2 (Chrono Boost)  
  33  2:56  Probe x2 (Chrono Boost)  
  35  3:07  Oracle (Chrono Boost), Adept, Probe  
  35  3:08  Probe  
  42  3:15  Pylon  
  42  3:19  Probe  
  43  3:20  Probe  
  44  3:31  Probe  
  44  3:32  Probe  
  46  3:34  Oracle (Chrono Boost)  
  49  3:44  Nexus  
  49  3:46  Probe  
  49  3:47  Probe  
  51  3:51  Pylon  
  51  3:58  Gateway  
  51  3:59  Probe  
  51  4:00  Probe  
  53  4:05  Assimilator  
  53  4:07  Assimilator  
  53  4:11  Probe  
  53  4:12  Probe  
  53  4:16  Robotics Facility  
  55  4:24  Probe  
  56  4:25  Probe  
  56  4:30  Forge, Twilight Council  
  57  4:36  Probe  
  57  4:37  Probe  
  59  4:39  Adept  
  59  4:48  Probe  
  59  4:49  Probe  
  57  4:53  Adept, Protoss Ground Weapons Level 1 (Chrono Boost)  
  57  4:54  Charge (Chrono Boost)  
  57  4:58  Gateway, Probe  
  57  4:59  Gateway  
  60  5:00  Probe  
  60  5:01  Probe  
  62  5:10  Probe  
  62  5:11  Zealot  
  62  5:12  Probe  
  62  5:13  Probe  
  67  5:16  Warp Prism (Chrono Boost)  
  69  5:22  Probe  
  69  5:24  Probe  
  69  5:25  Pylon, Probe  
  72  5:32  Pylon  
  72  5:34  Probe  
  72  5:35  Templar Archives  
  73  5:36  Probe  
  73  5:37  Probe  
  75  5:46  Gateway  
  75  5:48  Gateway, Probe  
  77  5:50  Probe  
  77  5:52  Gateway  
  77  5:54  Gateway  
  77  5:55  Pylon  
  77  6:00  Assimilator  
  77  6:02  Shield Battery  
  77  6:03  Assimilator  
  77  6:08  Pylon  
  77  6:11  Probe x3  
  80  6:12  High Templar x2  
  80  6:13  High Templar x2  
  80  6:14  Observer  
  80  6:16  Pylon  
  80  6:17  Archon x2  
  89  6:23  Probe x3  
  89  6:24  Pylon  
  92  6:26  Pylon  
  92  6:30  Pylon  
  92  6:34  Pylon, Immortal  
  92  6:35  Pylon, Photon Cannon  
  96  6:40  Zealot  
  96  6:43  Zealot  
  98  6:54  Protoss Ground Weapons Level 2  
  96  7:01  Zealot x8  
  96  7:06  Robotics Facility  
  96  7:08  Pylon  
  112  7:11  Immortal (Chrono Boost)  
  112  7:12  Pylon  
  116  7:17  Shield Battery  
  116  7:22  Photon Cannon  
  116  7:24  Shield Battery  
  116  7:31  Zealot x6  
  116  7:32  Zealot  
  116  7:34  Zealot  
  132  7:42  Immortal (Chrono Boost)  
  130  7:55  Zealot x4  
  136  7:58  Zealot  
  136  7:59  Zealot  
  138  8:06  Zealot x2  
  138  8:07  Immortal (Chrono Boost)  
  138  8:12  Immortal (Chrono Boost)  
  132  8:24  High Templar x3  
  132  8:25  High Templar  
  132  8:31  Archon  
  132  8:32  Sentry x2, Archon  
  132  8:33  Sentry x2  
  138  8:37  Immortal (Chrono Boost)  
  138  8:39  Pylon  
  142  8:41  Nexus  
  142  8:43  Immortal (Chrono Boost)  
  145  8:54  Pylon  
  143  8:55  Nexus  
  143  8:59  Pylon  
  143  9:02  High Templar x4  
  151  9:03  Zealot x3  
  151  9:08  Pylon  
  151  9:09  Archon x2  
  157  9:10  Pylon  
  157  9:12  Pylon  
  161  9:26  Zealot x4  
  157  9:39  Zealot x4  
Tags
 
Add a new tag
Caveats
  • Supply blocks, unpowered buildings, or Contaminate may cause inaccurate times.
  • Supply counts are checked every 10 seconds.